 Dungeon Crawl Stone Soup version bcrawl-1.27.6 (webtiles) character file.

Game seed: 6289630766249383412

254456 DogServant the Cudgeler (level 7, -6/62 HPs)
             Began as a Sand Dwarf Skald on Oct 12, 2020.
             Killed by nerve-wracking pain
             ... invoked by an orc priest
              (8 damage)
             ... on level 4 of the Dungeon.
             The game lasted 00:07:03 (3090 turns).

DogServant the Cudgeler (Sand Dwarf Skald)          Turns: 3090, Time: 00:07:03

Health: -6/62      AC: 11    Str: 19 (20) XL:     7   Next: 59%
Magic:  1/10       EV:  9    Int: 13      God:
Gold:   122        SH:  0    Dex:  8      Spells: 4/10 levels left

rFire    + . .     SeeInvis .   a - +0 mace
rCold    . . .     Gourm    .   (shield restricted)
rNeg     . . .     Faith    .   t - +0 chain mail
rPois    .         Spirit   .   q - +2 hat
rElec    .         Reflect  .   (no cloak)
rCorr    .         Harm     .   k - +0 pair of gloves
MR       .....                  (no boots)
Stlth    ..........             x - amulet of rage
HPRegen  0.20/turn              o - ring of protection from fire
MPRegen  0.12/turn              p - ring of stealth (curse)

@: infused (expiring), lightly drained, slow
A: small, clumsy 1, deterioration 1, robust 1, slowness 1, strong 1, armour
attunement
a: Evoke Berserk Rage


You were on level 4 of the Dungeon.
You were hungry.

You visited 1 branch of the dungeon, and saw 4 of its levels.

You collected 122 gold pieces.

Inventory:

Hand Weapons
 a - a +0 mace (weapon)
Armour
 k - a +0 pair of gloves (worn)
 q - a +2 hat (worn)
 t - a +0 chain mail (worn)
 u - a +0 buckler
Jewellery
 o - a ring of protection from fire (left hand)
 p - a cursed ring of stealth (right hand)
 x - an amulet of rage (around neck)
Wands
 j - a wand of polymorph (5)
Scrolls
 b - a scroll of magic mapping {unknown}
 c - 2 scrolls of fog {unknown}
 f - a scroll of noise {unknown}
 g - 2 scrolls of enchant weapon {unknown}
 h - a scroll of remove curse {unknown}
 i - 2 scrolls of teleportation {unknown}
 m - 8 scrolls of identify
Potions
 n - a potion of brilliance
 z - a potion of might {unknown}
Comestibles
 e - 7 rations {!d}


   Skills:
 - Level 3.1(3.0) Fighting
 + Level 6.6(6.5) Maces & Flails
 - Level 2.2(2.1) Armour
 - Level 1.6(1.5) Dodging
 + Level 3.1(3.0) Shields
 - Level 2.0(1.9) Spellcasting
 + Level 5.1(5.0) Charms
 + Level 4.0(3.9) Evocations


You had 4 spell levels left.
You knew the following spells:

 Your Spells              Type           Power        Failure   Level  Hunger
a - Infusion              Chrm           ##......     3%          1    None
b - Song of Slaying       Chrm           ##......     4%          2    ##.....
c - Spectral Weapon       Hex/Chrm       #.......     26%         3    ####...

Your spell library contained the following spells:

 Spells                   Type           Power        Failure   Level  Hunger
 Ozocubu's Armour         Chrm/Ice       #.......     26%         3    ####...
 Regeneration             Chrm/Necr      #.........   26%         3    ####...


Dungeon Overview and Level Annotations

Branches:
Dungeon (4/12)
 Temple: D:4-7

Altars:
Wu Jian

Annotations:
D:3 Sigmund


Innate Abilities, Weirdness & Mutations

You are small and have problems with some larger weapons.
You cover ground slowly.
Armour does not affect your spellcasting.
You are clumsy. (Dex -2)
Your body sometimes deteriorates upon taking damage.
You are robust. (+10% HP)
Your muscles are strong. (Str +2)


Message History

Okay, then.
You hit the orc priest.
The orc priest is heavily wounded.
Your magical infusion is running out.
The orc priest hits you but does no damage.
You hit the orc priest.
The orc priest is severely wounded.
The orc priest hits you but does no damage.
You hit the orc priest.
The orc priest is severely wounded.
The orc priest barely misses you.
You hit the orc priest but do no damage.
The orc priest is severely wounded.
The orc priest hits you with a +0 dagger.
* * * LOW HITPOINT WARNING * * *
You hit the orc priest but do no damage.
The orc priest is severely wounded.
The orc priest mumbles some strange prayers to Beogh against you.
Pain shoots through your body!
You die...

#.# ... #.# ####.#
..#.#.#
#.##.#######.#.#.#
#####....÷........
#.#
......##.#######.#
#.# ......##.#
#.#.###.#
.....†##.#
#.....#.#
......##.#
#.#o#.#.#
......##.#
#)#@#.#.#
>.....##.#
#h#.#.#.#
.####.##.#
oo#.#.#.# .#
#.##.# ###.#.#.#
.# #.##.# ..#.#.#
.# #.##.# ###.#.#
.####.##.# #.#.#
.#.......# #.#.#
.#.......# #.#.#


You could see an orc priest.

Vanquished Creatures
  An ogre (D:4)
  2 scorpions (D:4)
  A wight (D:4)
  A howler monkey (D:4)
  2 orc priests (D:4)
  2 hounds (D:4)
  An iguana (D:4)
  2 orc wizards (D:4)
  2 worker ants (D:4)
  Ijyb (D:4)
  4 adders
  An ooze (D:1)
  2 worms (D:2)
  2 dart slugs
  2 leopard geckos
  14 orcs
  9 bats
  A giant cockroach (D:2)
  6 goblins
  6 hobgoblins
  6 jackals
  5 quokkas
  A ball python (D:2)
  4 frilled lizards
  A jackal skeleton (D:4)
  8 kobolds
  4 rats
91 creatures vanquished.

Notes
Turn   | Place    | Note
-------+----------+-------------------------------------------
     0 | D:1      | DogServant the Sand Dwarf Skald began the quest for the
                  | Orb.
     0 | D:1      | Reached XP level 1. HP: 18/18 MP: 3/3
    70 | D:1      | Reached XP level 2. HP: 23/25 MP: 5/5
   267 | D:1      | Reached XP level 3. HP: 29/30 MP: 0/6
   326 | D:1      | Learned a level 2 spell: Song of Slaying
   330 | D:1      | Learned a level 3 spell: Spectral Weapon
   736 | D:2      | Reached skill level 4 in Maces & Flails
   961 | D:2      | Reached XP level 4. HP: 30/37 MP: 7/7
  1559 | D:3      | Noticed Sigmund
  1671 | D:4      | Found an ornate altar of the Wu Jian Council.
  1948 | D:4      | Reached XP level 5. HP: 42/45 MP: 6/8
  1961 | D:4      | Reached skill level 1 in Shields
  1961 | D:4      | Reached skill level 1 in Evocations
  2004 | D:4      | Reached skill level 5 in Maces & Flails
  2071 | D:4      | Reached XP level 6. HP: 22/51 MP: 4/9
  2226 | D:4      | HP: 2/51 [orc wizard/magic dart (5)]
  2409 | D:4      | Reached skill level 6 in Maces & Flails
  2409 | D:4      | Reached XP level 7. HP: 43/57 MP: 5/10
  2868 | D:4      | Noticed Ijyb
  2878 | D:4      | Killed Ijyb
  3048 | D:4      | Reached skill level 5 in Charms
  3074 | D:4      | Gained mutation: Your body sometimes deteriorates upon
                  | taking damage. [potion of mutation]
  3074 | D:4      | Gained mutation: Your muscles are strong. (Str +2) [potion
                  | of mutation]
  3074 | D:4      | Gained mutation: You are clumsy. (Dex -2) [potion of
                  | mutation]
  3074 | D:4      | Gained mutation: You are robust. (+10% HP) [potion of
                  | mutation]
  3085 | D:4      | HP: 2/62 [orc priest/divine providence (11)]
  3090 | D:4      | Killed from afar by an orc priest

Skill      XL: |  1  2  3  4  5  6  7 |
---------------+----------------------+-----
Armour         | 2 |  2.2
Maces & Flails | 4 5 6 |  6.6
Fighting       | 3 |  3.1
Charms         | 4 5 |  5.1
Shields        | 1 2 3 |  3.1
Evocations     | 2 3 4 |  4.0
Dodging        | |  1.6
Spellcasting   | |  2.0

Action                   |  1- 3 |  4- 6 |  7- 9 || total
-------------------------+-------+-------+-------++-------
Melee: Mace              |   116 |   166 |    80 ||   362
 Cast: Infusion          |     4 |    11 |     6 ||    21
       Song of Slaying   |     1 |     4 |     4 ||     9
  Use: Potion            |       |     4 |     2 ||     6
       Scroll            |       |       |     1 ||     1
 Stab: Sleeping          |     3 |     1 |       ||     4
  Eat: Chunk             |     4 |    11 |     5 ||    20
Armor: Leather armour    |    34 |       |       ||    34
       Ring mail         |     5 |    19 |       ||    24
       Chain mail        |       |    82 |    36 ||   118
Dodge: Dodged            |    85 |    85 |    35 ||   205
Block: Other             |     1 |     9 |     6 ||    16
       Buckler           |       |     9 |       ||     9
